Map: King's Cove LE

Players

wootwoot - Winner!

  • Race: Terran Terran
  • League: Silver
  • Spawn Location: 5:00

HectorXmaX

  • Race: Protoss Protoss
  • Spawn Location: 11:00

VOD

Have the link to the VOD?

Description

Time

  • Played on: April 21, 2025, 11:52 a.m.
  • Length: 2:59
Show
View Real Time Build Order
Export as new Build Order

wootwoot Terran - Winner!

Build Orders:  

Get SALT Encoding   

  12  0:00  SCV  
  13  0:12  SCV  
  14  0:19  Supply Depot  
  14  0:24  SCV  
  15  0:41  SCV  
  16  0:48  Barracks  
  16  0:59  Barracks  
  16  1:08  Barracks  
  16  1:12  SCV  
  17  1:35  Marine  
  17  1:39  Barracks  
  18  1:45  Marine  
  19  1:47  Supply Depot  
  19  1:52  Marine  
  20  1:54  Marine  
  20  1:58  Supply Depot  
  21  2:03  Marine  
  22  2:10  Marine  
  22  2:13  Marine  
  24  2:21  Marine  
  25  2:26  Marine  
  25  2:28  Marine  
  27  2:31  Marine  
  27  2:33  Barracks  
  28  2:39  Marine  
Show
View Real Time Build Order
Export as new Build Order

HectorXmaX Protoss 

Build Orders:  

Get SALT Encoding   

  12  0:10  Pylon  
  12  0:13  Probe  
  13  0:28  Gateway  
  13  0:37  Assimilator  
  13  0:43  Assimilator  
  13  0:45  Probe  
  14  0:55  Probe  
  14  1:03  Probe  
  16  1:11  Probe  
  17  1:21  Cybernetics Core  
  17  1:24  Probe  
  18  1:36  Probe  
  19  1:41  Pylon  
  19  1:48  Probe  
  20  2:00  Probe  
  21  2:06  Twilight Council  
  21  2:13  Probe  
  22  2:25  Probe  
  23  2:32  Gateway  
  23  2:35  Gateway  
Tags
 
League
Silver
Matchup
PvT
Replay Pack
#1B2M-Replays
Spawn Locations
Cross Positions
Add a new tag
Caveats
  • Supply blocks, unpowered buildings, or Contaminate may cause inaccurate times.
  • Supply counts are checked every 10 seconds.